 Dungeon Crawl Stone Soup version 0.22.1-2-g9c5b331 (webtiles) character file.

635 MalarOregon the Ducker (level 7, 0/52 HPs)
             Began as a Merfolk Transmuter on Nov 25, 2018.
             Was a Follower of Qazlal.
             Succumbed to a killer bee's poison
             ... on level 3 of the Dungeon.
             The game lasted 00:13:32 (5023 turns).

MalarOregon the Ducker (Merfolk Transmuter)         Turns: 5023, Time: 00:13:32

Health: 0/52       AC:  2    Str:  8 (11) XL:     7   Next: 50%
Magic:  10/12      EV: 23    Int: 15 (17) God:    Qazlal [*.....]
Gold:   211        SH:  1    Dex: 17 (19) Spells: 2/12 levels left

rFire    . . .     SeeInvis .     - Unarmed
rCold    . . .     Gourm    .   (shield currently unavailable)
rNeg     . . .     Faith    .   (armour currently unavailable)
rPois    x         Spirit   .   (helmet currently unavailable)
rElec    .         Reflect  .   (cloak currently unavailable)
rCorr    .         Harm     .   (gloves currently unavailable)
MR       .....                  (boots currently unavailable)
Stlth    ++........             (no amulet)
HPRegen  0.17/turn              i - +3 ring of intelligence
MPRegen  0.13/turn              (no ring)

@: lethally poisoned (0 -> -26), spider-form (expiring), starving
A: tiny, (change form in water), (swift swim), (stealthy swim), no potion heal 1
a: End Transformation, Renounce Religion


You were on level 3 of the Dungeon.
You worshipped Qazlal.
Qazlal was aware of your devotion.
You were starving.
You were a venomous arachnid creature.
You visited 1 branch of the dungeon, and saw 4 of its levels.

You collected 211 gold pieces.

Inventory:

Hand Weapons
 d - a +0 blowgun
   (You took it off a kobold on level 3 of the Dungeon)
 q - a +0 spear (melded)
   (You found it on level 3 of the Dungeon)
Missiles
 a - 104 arrows
 h - 6 javelins (quivered)
 o - 8 tomahawks
 r - 16 poisoned needles
Armour
 b - a +0 scale mail (melded)
   (You took it off Edmund on level 4 of the Dungeon)
 m - a +0 pair of gloves (melded)
   (You found it on level 1 of the Dungeon)
Jewellery
 i - a +3 ring of intelligence (left front leg)
   (You found it on level 4 of the Dungeon)
Scrolls
 f - 2 scrolls of fear {unknown}
 g - a scroll of remove curse {@r2}
 k - a scroll of blinking {unknown}
 n - 3 scrolls of identify {@r1}
 s - a scroll of teleportation {@r4}
 u - a scroll of enchant weapon {unknown}
Potions
 c - a potion of magic
 j - a potion of mutation {!q}
Comestibles
 e - 6 rations {!d}


   Skills:
 + Level 3.4 Fighting
 + Level 3.3 Polearms
 + Level 0.3 Armour
 + Level 4.8 Dodging
 + Level 4.6 Unarmed Combat
 + Level 3.4 Spellcasting
 + Level 4.8 Transmutations
 + Level 1.4 Ice Magic
 + Level 1.4 Poison Magic


You had 2 spell levels left.
You knew the following spells:

 Your Spells              Type           Power        Failure   Level  Hunger
a - Beastly Appendage     Tmut           ###...       10%         1    None
c - Ice Form              Ice/Tmut       ##......     67%         4    ####...
s - Sticks to Snakes      Tmut           ###.....     12%         2    ##.....
x - Spider Form           Tmut/Pois      ##........   34%         3    ###....

Your spell library contained the following spells:

 Spells                   Type           Power        Failure   Level  Hunger
 Blade Hands              Tmut           ###.......   77%         5    ######.


Dungeon Overview and Level Annotations

Branches:
Dungeon (4/15)
 Temple: D:4-7

Altars:
Dithmenos
Nemelex Xobeh
Qazlal
Wu Jian


Innate Abilities, Weirdness & Mutations

((You revert to your normal form in water.))
((You are very nimble and swift while swimming.))
((You are very stealthy in the water. (Stealth+)))
((You have sharp fingernails.))
((Your system is resistant to poisons. (rPois)))
Potions are less effective at restoring your health.


Message History

* * * LOW HITPOINT WARNING * * *
The killer bee stings you.
* * * LOW HITPOINT WARNING * * *
You are lethally poisoned!
The killer bee poisons you!
There is a stone staircase leading up here.
* * * LOW HITPOINT WARNING * * *
You feel sick. The killer bee completely misses you. The killer bee stings you.
* * * LOW HITPOINT WARNING * * *
You are more poisoned.
The killer bee poisons you!
You climb upwards.
* * * LOW HITPOINT WARNING * * *
You feel very sick.
There is a stone staircase leading down here.
Unknown command.
Unknown command.
Unknown command.
Unknown command.
Unknown command.
Unknown command.
Unknown command.
It was a potion of heal wounds.
You feel much better.
* * * LOW HITPOINT WARNING * * *
You feel sick. The killer bee misses you. The killer bee closely misses you.
You closely miss the killer bee.
* * * LOW HITPOINT WARNING * * *
You feel sick. The killer bee misses you. The killer bee stings you.
* * * LOW HITPOINT WARNING * * *
You are more poisoned.
The killer bee poisons you!
You hit the killer bee.
The killer bee is poisoned.
Your transformation is almost over.
* * * LOW HITPOINT WARNING * * *
You feel very sick. The killer bee stings you.
* * * LOW HITPOINT WARNING * * *
The killer bee completely misses you.
It was a potion of degeneration.
There was something very wrong with that liquid.
You feel weakened.
You feel dopey.
You feel clumsy.
* * * LOW HITPOINT WARNING * * *
You feel sick. The killer bee misses you. The killer bee completely misses you.
Unknown command.
Really quaff
j - 2 potions of mutation {!q}?
You feel extremely strange.
Your fingernails lengthen.
Your system partially rejects the healing effects of potions.
You feel resistant to poisons.
You die...

..###########..#.# #.### .##..##
#..#.# #.# .#....#######..#.# #.#
##.⌠._#........#.# #.#
#.....#........#.# #.#
#....##......#.#.# #.#
'...8#...........# #.#
#....##......##y.########.#
#.....#.........s##.......#######
##.⌠._#......###.##.####.........
#....#........)....####.########
##..##....#####.#.........#....#
####..[..# #.#...###.#.#.##.#
############ #.#...#...#.#..#.#
..........######.#...#...#.#.....
..............##.#.......#.#..###
..............##.#.#.....#.#..#..


You could see a killer bee.

Vanquished Creatures
  Edmund (D:4)
  A black bear (D:3)
  2 killer bees (D:4)
  A hound (D:4)
  Natasha (thrice) (D:3)
  An iguana (D:4)
  2 orc wizards (D:4)
  A worker ant (D:4)
  A hound skeleton (D:4)
  5 adders
  A worm (D:4)
  3 dart slugs
  4 leopard geckos
  4 orcs (D:4)
  A ball python (D:1)
  12 bats
  8 giant cockroaches
  5 goblins
  5 hobgoblins
  8 kobolds
  3 quokkas
  6 frilled lizards
  6 rats
84 creatures vanquished.

Vanquished Creatures (collateral kills)
  A killer bee (D:4)
1 creature vanquished.

Grand Total: 85 creatures vanquished

Notes
Turn   | Place    | Note
-------+----------+-------------------------------------------
     0 | D:1      | MalarOregon the Merfolk Transmuter began the quest for the
                  | Orb.
     0 | D:1      | Reached XP level 1. HP: 15/15 MP: 3/3
   241 | D:1      | Reached XP level 2. HP: 19/21 MP: 1/5
   766 | D:1      | Reached XP level 3. HP: 25/26 MP: 4/6
  1540 | D:2      | Reached XP level 4. HP: 30/33 MP: 5/7
  1629 | D:2      | Learned a level 2 spell: Sticks to Snakes
  1633 | D:2      | Learned a level 3 spell: Spider Form
  1645 | D:2      | Found a faded altar of an unknown god.
  2261 | D:3      | Noticed a black bear
  2292 | D:3      | Killed a black bear
  2292 | D:3      | Reached skill level 1 in Polearms
  2292 | D:3      | Reached XP level 5. HP: 13/39 MP: 0/9
  2593 | D:3      | Found a stormy altar of Qazlal.
  2600 | D:3      | Became a worshipper of Qazlal Stormbringer
  2968 | D:3      | Found a sparkling altar of Nemelex Xobeh.
  3150 | D:3      | Found a shadowy altar of Dithmenos.
  3150 | D:3      | Found an ornate altar of the Wu Jian Council.
  3150 | D:3      | Noticed Natasha
  3156 | D:3      | Killed Natasha
  3156 | D:3      | Reached XP level 6. HP: 39/46 MP: 6/10
  3294 | D:3      | Noticed Natasha
  3305 | D:3      | Killed Natasha
  3339 | D:3      | Noticed Natasha
  3350 | D:3      | Killed Natasha
  3483 | D:3      | Learned a level 4 spell: Ice Form
  3634 | D:4      | Noticed Edmund
  3653 | D:4      | Killed Edmund
  3969 | D:4      | Reached * piety under Qazlal
  3969 | D:4      | Reached XP level 7. HP: 20/52 MP: 6/11
  4221 | D:4      | Reached skill level 1 in Poison Magic
  4547 | D:4      | Reached skill level 1 in Ice Magic
  5018 | D:3      | HP: 1/52 [poisoned by a killer bee]
  5023 | D:3      | Gained mutation: You have sharp fingernails. [potion of
                  | mutation]
  5023 | D:3      | Gained mutation: Potions are less effective at restoring
                  | your health. [potion of mutation]
  5023 | D:3      | Gained mutation: Your system is resistant to poisons.
                  | (rPois) [potion of mutation]
  5023 | D:3      | Succumbed to a killer bee's poison

Skill      XL: |  1  2  3  4  5  6  7 |
---------------+----------------------+-----
Dodging        | 3 4 |  4.8
Transmutations | 3 4 |  4.8
Fighting       | 2 3 |  3.4
Polearms       | 1 2 3 |  3.3
Unarmed Combat | 4 |  4.6
Spellcasting   | 3 |  3.4
Poison Magic   | 1 |  1.4
Ice Magic      | 1 |  1.4
Armour         | |  0.3

Action                   |  1- 3 |  4- 6 |  7- 9 || total
-------------------------+-------+-------+-------++-------
Melee: Unarmed           |    11 |    41 |     6 ||    58
       Dagger            |   123 |    17 |       ||   140
       Headbutt          |    14 |     5 |     8 ||    27
       Punch             |     1 |     2 |     1 ||     4
       Spear             |       |   109 |   120 ||   229
Throw: Tomahawk          |    12 |     5 |       ||    17
       Javelin           |     2 |     6 |       ||     8
 Cast: Beastly Appendage |    18 |     3 |     2 ||    23
       Spider Form       |       |     9 |     1 ||    10
       Sticks to Snakes  |       |     4 |     3 ||     7
  Use: Scroll            |     3 |     3 |       ||     6
       Potion            |       |     1 |     4 ||     5
 Stab: Sleeping          |     1 |     3 |       ||     4
  Eat: Chunk             |     3 |     9 |     2 ||    14
Armor: Robe              |    34 |    20 |       ||    54
       Skin              |       |     2 |    57 ||    59
       Scale mail        |       |    11 |    24 ||    35
Dodge: Dodged            |    81 |   123 |    46 ||   250
Block: Other             |       |       |     5 ||     5
